 Dungeon Crawl Stone Soup version 0.31-a0-986-g5e6e4ef867 (webtiles) character file.

Game seed: 12516683642010514906

77 wildpjah the Covered (level 4, -5/28 HPs)
             Began as a Tengu Fighter on Nov 22, 2023.
             Slain by Sigmund
             ... wielding a +0 scythe of protection
              (9 damage)
             ... on level 3 of the Dungeon.
             The game lasted 00:01:46 (1159 turns).

wildpjah the Covered (Tengu Fighter)                Turns: 1159, Time: 00:01:47

Health: -5/28      AC:  7    Str: 17    XL:     4   Next: 34%
Magic:  5/5        EV:  9    Int:  8    God:
Gold:   89         SH:  5    Dex: 15    Spells: 3/3 levels left

rFire   . . .        a - +0 long sword
rCold   . . .        c - +0 buckler
rNeg    . . .        b - +0 scale mail
rPois   .            (helmet restricted)
rElec   .            (no cloak)
rCorr   .            (no gloves)
SInv    .            (boots unavailable)
Will    .....        (no amulet) Stlth
                     (no ring)
HPRegen 0.24/turn    (no ring)
MPRegen 0.09/turn

%: acrobat
@: no status effects
A: beak, talons 3, acrobatic
a: no special abilities


You were on level 3 of the Dungeon.
You visited 1 branch of the dungeon, and saw 3 of its levels.

You collected 89 gold pieces.

Inventory:

Hand Weapons
 a - a +0 long sword (weapon)
Armour
 b - a +0 scale mail (worn)
 c - a +0 buckler (worn)
Scrolls
 g - 3 scrolls of identify {unknown}
 h - a scroll of silence {unknown}
 i - a scroll of teleportation {unknown}
 j - a scroll of fog {unknown}
 k - 2 scrolls of enchant armour {unknown}
 o - a scroll of fear {unknown}
 p - a scroll of poison {unknown}
Potions
 d - a potion of might
 e - 3 potions of lignification {unknown}
 f - 2 potions of enlightenment {unknown}
 l - a potion of haste {unknown}
 m - a potion of mutation {unknown}
 n - a potion of ambrosia {unknown}


   Skills:
 + Level 3.3 Fighting
 + Level 3.1 Long Blades
 + Level 3.9 Armour
 + Level 0.6 Dodging
 + Level 0.1 Stealth
 + Level 3.6 Shields


You had 3 spell levels left.
You didn't know any spells.
Your spell library contained the following spells:

 Spells                   Type           Power      Damage    Failure   Level
 Slow                     Hex            0%         N/A       87%         1
 Confusing Touch          Hex            0%         N/A       99%         3
 Sigil of Binding         Hex            0%         N/A       99%         3
 Vampiric Draining        Necr           0%         2d6       99%         3


Dungeon Overview and Level Annotations

Branches:
Dungeon (3/15)

Altars:

Annotations:
D:3 Sigmund


Innate Abilities, Weirdness & Mutations

You have a beak for a mouth.
You have claws for feet.
You can magically evade attacks while moving or waiting.


Message History

You completely miss the rat. You claw the rat. Your peck misses the rat.
The rat is heavily wounded.
You block the rat's attack.
You barely miss the rat. You claw the rat.
You kill the rat!
No target in view!
p - a scroll labelled IDDOPN SUIRHAPT You pick up a book of Debilitation and begin reading...
You add the spells Slow, Sigil of Binding, Vampiric Draining and Confusing Touch to your library.
Okay, then.
Sigmund and an endoplasm come into view.
Sigmund is wielding a +0 scythe of protection.
Sigmund shouts!
The endoplasm quivers.
Sigmund attacks as he pursues you! Sigmund completely misses you.
Sigmund casts a spell at you. The magic dart hits you.
You closely miss Sigmund. You claw Sigmund. Your peck misses Sigmund.
Sigmund is lightly wounded.
Sigmund gestures at you while chanting. The magic dart hits you!
You hit Sigmund.
Sigmund is lightly wounded.
Sigmund mumbles some strange words.
Sigmund flickers and vanishes!
Deactivating autopickup; reactivate with Ctrl-A.
You hit something but do no damage. You claw something.
Something hits you but does no damage.
You barely miss something. You block something's attack.
You barely miss something. Your kick misses something.
Your peck misses something. Something hits you but does no damage.
You barely miss something. Something hits you.
You barely miss something. Your kick misses something.
You barely miss something. Something hits you!
* * * LOW HITPOINT WARNING * * *
You miss something. You claw something. Something hits you.
* * * LOW HITPOINT WARNING * * *
You hit something but do no damage. Your peck misses something.
Something hits you!
You die...

######## ####
##....... ...#
# ###......
.#.#.##.#
.......J#
#.##....#
#{###.##)#
#@#.#.##†#####
#......<.....#
##.#.#.##.###.#
.......†....#
..##.#.#.##..#
#. ...........#
# #.......##..#
#.#.#...##..#
#.#.#........


You could see an endoplasm.

Vanquished Creatures
  An adder (D:2)
  A worm (D:2)
  A dart slug (D:2)
  3 orcs (D:3)
  5 endoplasms
  2 giant cockroaches (D:1)
  5 hobgoblins
  11 jackals (D:1)
  5 kobolds
  A quokka (D:2)
  4 ball pythons
  2 bats
  3 frilled lizards
  5 goblins
  4 rats
53 creatures vanquished.

Notes
Turn   | Place    | Note
-------+----------+-------------------------------------------
     0 | D:1      | wildpjah the Tengu Fighter began the quest for the Orb.
     0 | D:1      | Reached XP level 1. HP: 14/14 MP: 2/2
   127 | D:1      | Reached XP level 2. HP: 19/19 MP: 3/3
   371 | D:1      | Reached XP level 3. HP: 23/23 MP: 4/4
   808 | D:2      | Reached XP level 4. HP: 28/28 MP: 5/5
  1146 | D:3      | Noticed Sigmund
  1159 | D:3      | Slain by Sigmund

Illustrated notes

Levels and vault maps discovered:
D:1:      co_arrival_random_square_maze, layout_rooms, serial_curves,
          eino_curves_01, eino_curves_03, minmay_misc_feat_four_crosses
D:2:      layout_rooms, minivault_24, nrook_mini_vaults
D:3:      kennysheep_the_goblin_king, layout_loops_ring, uniq_sigmund

Skill      XL: |  1  2  3  4 |
---------------+-------------+-----
Long Blades    | 3 |  3.1
Fighting       | |  3.3
Armour         | |  3.9
Dodging        | |  0.6
Stealth        | |  0.1
Shields        | |  3.6

Action                     |  1- 3 |  4- 6 || total
---------------------------+-------+-------++-------
  Melee: Long sword        |    87 |    28 ||   115
         Kick              |    18 |     8 ||    26
         Peck              |     8 |     2 ||    10
 Armour: Scale mail        |    61 |    15 ||    76
  Dodge: Dodged            |    48 |    16 ||    64
  Block: Buckler           |    23 |     4 ||    27

Table legend: (Time is in decaauts)
 A = Elapsed time spent in this place.
 B = Non-inter-level travel time spent in this place.
 C = Inter-level travel time spent in this place.
 D = Time resting spent in this place.
 E = Time spent auto-exploring this place.
 F = Levels seen in this place.
 G = Mean time per level.
                   A        B        C        D        E       F      G
               +--------+--------+--------+--------+--------+-----+--------+
         Total |   1193 |   1156 |     37 |      6 |    875 |   3 |  397.7 |
       Dungeon |   1193 |   1156 |     37 |      6 |    875 |   3 |  397.7 |
               +--------+--------+--------+--------+--------+-----+--------+

Top non-repeatable levels by time:
     D:1: 670 daAuts
     D:2: 471 daAuts
     D:3: 50 daAuts
